Map: Arctic Gates

Players

JaySlays

  • Race: Protoss Protoss
  • Spawn Location: 9:00

Wolf

  • Race: Zerg Zerg
  • League: Diamond
  • Spawn Location: 0:00

Aredgar

  • Race: Protoss Protoss
  • League: Platinum
  • Spawn Location: 3:00

JaTheXtReMe

  • Race: Protoss Protoss
  • League: Diamond
  • Spawn Location: 0:00

VOD

Have the link to the VOD?

Description

Time

  • Played on: April 22, 2018, 2:05 a.m.
  • Length: 8:36
Show
View Real Time Build Order
Export as new Build Order

JaySlays Protoss 

Build Orders:  

Get SALT Encoding   

  1  0:00  Probe  
  12  0:05  Probe  
  14  0:19  Pylon  
  14  0:23  Probe  
  15  0:37  Probe  
  16  0:43  Gateway  
  16  0:49  Probe  
  17  0:51  Assimilator  
  17  1:01  Probe  
  18  1:07  Assimilator  
  18  1:11  Probe  
  19  1:19  Probe  
  20  1:34  Probe  
  20  1:36  Cybernetics Core  
  21  1:46  Probe  
  22  1:53  Warp Gate  
  22  1:54  Pylon  
  22  2:00  Probe  
  23  2:12  Probe  
  23  2:14  Gateway  
  23  2:15  Gateway  
  24  2:24  Probe  
  25  2:36  Probe, Robotics Facility  
  26  2:55  Gateway  
  26  2:58  Stalker  
  28  3:10  Pylon  
  28  3:23  Warp Prism  
  30  3:27  Probe  
  31  3:45  Pylon  
  31  4:08  Immortal, Nexus  
  31  4:16  Probe  
  36  4:28  Probe  
  36  4:29  Stalker x3  
  37  4:59  Twilight Council  
  37  5:03  Stalker x3  
  43  5:08  Pylon  
  43  5:24  Stalker  
  41  5:32  Stalker  
  41  5:33  Stalker x2  
  41  5:48  Stalker  
  43  5:53  Stalker  
  43  5:54  Stalker  
  47  6:03  Stalker  
  47  6:10  Probe  
  47  6:11  Probe  
  49  6:16  Stalker  
  51  6:22  Probe  
  50  6:31  Stalker x2  
  54  6:37  Probe  
  54  6:39  Probe, Templar Archives  
  55  6:41  Warp Prism  
  55  6:45  Probe  
  59  6:55  Probe  
  60  7:01  Forge  
  60  7:14  Stalker  
  60  7:15  Stalker  
  48  7:42  Stalker x4  
  44  8:01  Pylon  
  44  8:02  Pylon  
  44  8:09  Stalker x2  
  44  8:10  Stalker x2  
Show
View Real Time Build Order
Export as new Build Order

Wolf Zerg 

Build Orders: Hatch First 

Get SALT Encoding   

  12  0:01  Drone  
  13  0:11  Drone  
  14  0:19  Overlord  
  14  0:37  Drone x3  
  17  0:58  Drone  
  17  1:00  Hatchery  
  17  1:01  Drone  
  18  1:14  Drone  
  18  1:15  Extractor  
  18  1:21  Spawning Pool  
  17  1:35  Drone  
  17  1:36  Drone  
  19  1:42  Overlord  
  19  1:55  Drone  
  20  2:12  Queen  
  20  2:13  Queen  
  24  2:17  Zergling x6  
  24  2:19  Metabolic Boost  
  27  2:34  Drone x2  
  27  2:37  Drone x2  
  31  2:46  Drone  
  32  2:56  Drone x2  
  32  2:58  Drone  
  35  3:06  Overlord  
  35  3:13  Baneling Nest  
  35  3:14  Drone  
  35  3:19  Zergling x2  
  36  3:24  Zergling x4  
  36  3:25  Zergling x4  
  40  3:29  Zergling x6  
  40  3:33  Zergling x2  
  44  3:35  Overlord  
  44  3:42  Roach Warren  
  44  3:44  Zergling x2  
  44  3:48  Overlord  
  44  3:59  Zergling x2  
  44  4:00  Zergling x10  
  50  4:03  Zergling x2  
  51  4:12  Overlord  
  46  4:38  Lair  
  46  4:41  Extractor  
  46  4:42  Drone  
  46  4:43  Drone x8  
  46  4:45  Extractor  
  53  4:46  Extractor  
  53  4:47  Spore Crawler  
  53  4:50  Spore Crawler x2  
  49  4:54  Spore Crawler  
  37  5:40  Zergling x2  
  37  5:41  Zergling x12  
  44  5:45  Spore Crawler  
  44  5:46  Spore Crawler  
  44  5:47  Spore Crawler x2  
  44  5:49  Spore Crawler, Hatchery  
  29  6:25  Spawning Pool  
  19  6:42  Drone x6  
  25  7:11  Drone  
  25  7:14  Drone  
  27  7:16  Hatchery  
  26  7:33  Spawning Pool  
Show
View Real Time Build Order
Export as new Build Order

Aredgar Protoss 

Build Orders:  

Get SALT Encoding   

  12  0:01  Probe  
  13  0:13  Probe  
  14  0:20  Pylon  
  14  0:27  Probe  
  15  0:31  Assimilator  
  15  0:35  Assimilator  
  15  0:48  Gateway  
  15  1:01  Probe, Gateway  
  16  1:09  Probe  
  16  1:18  Probe  
  18  1:30  Probe  
  19  1:42  Probe  
  20  1:49  Cybernetics Core  
  20  1:52  Zealot  
  22  1:55  Probe  
  23  2:28  Stargate  
  23  2:31  Stargate  
  23  2:34  Pylon  
  23  2:36  Pylon  
  23  2:52  Probe  
  24  3:04  Probe  
  25  3:10  Void Ray x2  
  25  3:17  Pylon  
  33  3:53  Void Ray  
  37  3:57  Void Ray  
  37  4:00  Zealot  
  43  4:12  Pylon  
  43  4:53  Void Ray  
  47  5:04  Pylon  
  47  5:22  Void Ray, Zealot  
  45  5:42  Void Ray  
  49  5:49  Zealot  
  46  6:38  Void Ray  
  50  6:40  Zealot  
  52  6:53  Nexus  
  52  7:07  Zealot  
  54  7:10  Forge  
Show
View Real Time Build Order
Export as new Build Order

JaTheXtReMe Protoss 

Build Orders:  

Get SALT Encoding   

  12  0:01  Probe  
  13  0:13  Probe  
  14  0:18  Pylon  
  14  0:24  Probe  
  15  0:32  Probe  
  15  0:40  Probe  
  16  0:42  Gateway  
  16  0:48  Assimilator  
  17  0:51  Probe  
  18  0:59  Assimilator  
  18  1:03  Probe  
  19  1:15  Probe, Forge  
  20  1:23  Probe, Pylon  
  21  1:37  Probe, Cybernetics Core  
  22  1:49  Probe  
  23  1:54  Photon Cannon  
  23  2:02  Probe  
  24  2:09  Photon Cannon  
  24  2:14  Probe  
  25  2:24  Probe  
  25  2:28  Stargate  
  26  2:32  Probe  
  27  2:40  Probe  
  27  2:43  Stargate  
  28  2:56  Pylon  
  28  3:04  Void Ray  
  28  3:05  Pylon  
  32  3:26  Pylon  
  32  3:28  Void Ray  
  36  3:44  Probe  
  37  3:49  Void Ray  
  41  3:56  Probe  
  42  4:11  Nexus  
  42  4:16  Void Ray  
  46  4:56  Void Ray  
  50  5:02  Nexus  
  50  5:06  Pylon  
  50  5:09  Pylon  
  50  5:38  Void Ray  
  50  5:40  Void Ray  
  58  5:47  Photon Cannon  
  58  5:49  Photon Cannon  
  58  5:52  Photon Cannon  
  58  6:20  Probe  
  58  6:21  Void Ray  
  59  6:32  Probe  
  56  6:41  Photon Cannon  
  56  6:43  Shield Battery  
  56  6:44  Probe  
  57  6:50  Assimilator  
  57  6:54  Assimilator  
  57  6:57  Probe  
  57  6:59  Void Ray x2  
  54  7:46  Void Ray  
  58  7:56  Probe x2  
  60  8:08  Probe x2  
  66  8:20  Probe  
  66  8:21  Probe  
Tags
 
Add a new tag
Caveats
  • Supply blocks, unpowered buildings, or Contaminate may cause inaccurate times.
  • Supply counts are checked every 10 seconds.